Cogmind - Beta 11 X5 @@@ ROGUE MODE // 2021.06.29 @ 20:40:42 Player: BFG Shutdown #1 Result: Self-destructed Performance ------------- Evolutions (1) 500 Regions Visited (5) 1000 Robots Destroyed (25) 125 Value Destroyed (561) 561 Prototype IDs (0) 0 Alien Tech Used (0) 0 Bonus (0) 0 TOTAL SCORE: 2186 Bonus ------- None Cogmind --------- Core Integrity 374/400 Matter 300/300 Energy 265/265 System Corruption 0% Temperature Cool (0) Movement Treading (260) Ox1 Location -9/Exiles Parts ------- > --- POWER (1) -------- Improved Ion Engine > --- PROPULSION (2) --- Improved Treads Improved Treads > --- UTILITY (2) ------ High-capacity Storage Unit Improved Light Armor Plating > --- WEAPON (4) ------- Assault Rifle Light Assault Rifle Heavy Assault Rifle Improved Light Cannon > --- INVENTORY (20) --- Nuclear Core Light Nuclear Core Reinforced Deuterium Engine Light Fission Core Improved Treads Improved Treads Improved Flight Unit Improved Flight Unit Improved Flight Unit Improved Heat Sink High-capacity Matter Pod (200) Hardened Light Armor Plating Hardened Light Armor Plating Assault Rifle Autogun Rocket Launcher Heavy Explosive Trap Heavy Explosive Trap Heavy Explosive Trap Heavy Explosive Trap Peak State ------------ > --- POWER ------------ Improved Ion Engine > --- PROPULSION ------- Improved Treads Improved Treads > --- UTILITY ---------- High-capacity Storage Unit Improved Light Armor Plating > --- WEAPON ----------- Assault Rifle Light Assault Rifle Heavy Assault Rifle Improved Light Cannon > --- INVENTORY -------- Nuclear Core Light Nuclear Core Reinforced Deuterium Engine Improved Treads Improved Treads Improved Flight Unit Improved Flight Unit Improved Flight Unit Improved Heat Sink Large Storage Unit High-capacity Matter Pod Hardened Light Armor Plating Hardened Light Armor Plating Assault Rifle Autogun Rocket Launcher Heavy Explosive Trap Heavy Explosive Trap Heavy Explosive Trap Heavy Explosive Trap [Rating: 21] Favorites ----------- Power Ion Engine Engine Ion Engine Propulsion Improved Treads Treads Improved Treads Leg Aluminum Leg Wheel Wheel Utility Large Storage Unit Device Improved Terrain Scanner Storage Large Storage Unit Processor Seismic Analyzer Protection Light Armor Plating Weapon Heavy EM Pulse Gun Energy Gun Heavy EM Pulse Gun Ballistic Gun Light Assault Rifle Ballistic Cannon Light Cannon Build | -11 -10 -10 -9 -9 -9 ------- Run | Scr Mat Min Mat Min Exi Slots Evolved 2 | . . . 2 . . Power . | . . . . . . Propulsion . | . . . . . . Utility . | . . . . . . Weapon 2 | . . . 2 . . Parts Attached 45 | 12 8 19 4 2 . Power 5 | 3 . 1 1 . . Engine 5 | 3 . 1 1 . . Core . | . . . . . . Reactor . | . . . . . . Propulsion 12 | 4 4 4 . . . Treads 9 | 2 4 3 . . . Leg 2 | 2 . . . . . Wheel 1 | . . 1 . . . Hover . | . . . . . . Flight . | . . . . . . Utility 13 | 2 2 8 . 1 . Device 3 | 1 . 2 . . . Storage 6 | . 1 4 . 1 . Processor 1 | 1 . . . . . Hackware . | . . . . . . Protection 3 | . 1 2 . . . Artifact . | . . . . . . Weapon 15 | 3 2 6 3 1 . Energy Gun 6 | 2 2 2 . . . Energy Cannon . | . . . . . . Ballistic Gun 7 | 1 . 4 2 . . Ballistic Cannon 2 | . . . 1 1 . Launcher . | . . . . . . Special Weapon . | . . . . . . Impact Weapon . | . . . . . . Slashing Weapon . | . . . . . . Piercing Weapon . | . . . . . . Special Melee Weapon . | . . . . . . Unidentified Prototypes . | . . . . . . Corrupted Parts 2 | . . 2 . . . System Corruption 8 | . . 8 . . . Parts Lost 4 | . . 4 . . . Power . | . . . . . . Propulsion . | . . . . . . Utility . | . . . . . . Weapon 4 | . . 4 . . . Highest Loss Streak 3 | . . 3 . . . Average Slot Usage (%) 99 | . 98 99 99 100 100 Engine 12 | . 14 14 11 11 11 Treads 25 | . 25 27 22 22 22 Device 1 | . 8 . . . . Storage 11 | . 5 14 11 11 11 Protection 12 | . 11 13 11 11 11 Energy Gun 12 | . 28 18 . . . Ballistic Gun 17 | . . 9 36 33 33 Ballistic Cannon 3 | . . . 6 11 11 Naked Turns . | . . . . . . Heaviest Build 60 | 9 34 34 39 60 60 Greatest Support 46 | 40 46 46 46 46 46 Greatest Overweight (x) 1 | . 1 . . 1 1 Average Overweight (x) . | . . . . . 1 Largest Inventory Capacity 20 | 5 15 20 15 20 20 Average Capacity 13 | 5 9 15 15 15 20 Most Carried 20 | 5 9 15 15 18 20 Average Carried 11 | 1 5 11 14 15 19 Final Capacity 20 | 5 15 15 15 20 20 Final Carried 20 | 5 9 15 15 18 20 Class Distribution -------------------- 65% | Mutant 34% | Tank Dominant Class ---------------- Mutant | -10/Materials Mutant | -10/Mines Tank | -9/Materials Tank | -9/Mines Tank | -9/Exiles Resources | -11 -10 -10 -9 -9 -9 ----------- Run | Scr Mat Min Mat Min Exi Matter Collected 905 | 359 80 299 147 20 . Remotely . | . . . . . . Salvage Created 976 | 212 237 345 182 . . Parts 64 | 23 19 15 7 . . Haulers Intercepted 1 | . . . 1 . . Recyclers Shooed . | . . . . . . Parts Field Recycled . | . . . . . . Retrieved Matter . | . . . . . . Parts Self-Destructed . | . . . . . . Prevented . | . . . . . . Kills | -11 -10 -10 -9 -9 -9 ------- Run | Scr Mat Min Mat Min Exi Combat Hostiles Destroyed 23 | . 5 15 3 . . Guns 22 | . 5 15 2 . . Cannons 1 | . . . 1 . . Classes Destroyed 10 | 3 3 3 1 . . Worker 2 | 2 . . . . . Tunneler 5 | 5 . . . . . Hauler 1 | . . . 1 . . Recycler 1 | 1 . . . . . Operator 1 | . 1 . . . . Watcher 1 | . 1 . . . . Swarmer 2 | . . 2 . . . Grunt 9 | . 5 2 2 . . Sentry 3 | . . 2 1 . . Assembled 9 | . . 9 . . . Best Kill Streak 6 | 3 2 6 1 . . Combat Bots Only 6 | . 1 6 1 . . Max Kills in Single Turn 1 | 1 1 1 1 . . Gunslinging . | . . . . . . Exploded . | . . . . . . Melee . | . . . . . . Uniques/NPCs Destroyed . | . . . . . . Combat | -11 -10 -10 -9 -9 -9 -------- Run | Scr Mat Min Mat Min Exi Damage Taken 1036 | . 67 840 129 . . Core 151 | . 12 113 26 . . Absorbed by Shields . | . . . . . . Core Remaining (%) 75 | 100 . 50 . . . Volleys Fired 123 | 43 19 50 11 . . Largest 4 | 1 2 2 4 . . Hottest 98 | 20 90 90 98 . . Shots Fired 216 | 43 38 93 42 . . Gun 212 | 43 38 93 38 . . Cannon 4 | . . . 4 . . Launcher . | . . . . . . Special . | . . . . . . Kinetic 137 | 43 . 52 42 . . Thermal . | . . . . . . Explosive . | . . . . . . Electromagnetic 79 | . 38 41 . . . Robot Hit Streak 19 | 7 3 19 5 . . Robot Miss Streak 3 | 3 3 3 2 . . Penetration Max . | . . . . . . Secondary Targets 3 | . . 3 . . . Max Gunslinging Chain 1 | . . 1 . . . Shots Hit Robots 132 | 29 20 61 22 . . Core Hits 56 | 14 7 29 6 . . Critical Kills . | . . . . . . Critical Parts Destroyed . | . . . . . . Critical Strikes 2 | . . 1 1 . . Destroy 1 | . . . 1 . . Corrupt 1 | . . 1 . . . Melee Attacks . | . . . . . . Impact . | . . . . . . Slashing . | . . . . . . Piercing . | . . . . . . Sneak Attacks . | . . . . . . Combat Hostiles . | . . . . . . Follow-up Attacks . | . . . . . . Damage Inflicted 1568 | 239 374 652 302 1 . Guns 1443 | 236 328 634 245 . . Cannons 55 | . . . 55 . . Explosions 46 | . 46 . . . . Melee . | . . . . . . Ramming 24 | 3 . 18 2 1 . Kinetic 802 | 236 . 266 300 . . Thermal 46 | . 46 . . . . Explosive . | . . . . . . Electromagnetic 696 | . 328 368 . . . Impact . | . . . . . . Slashing . | . . . . . . Piercing . | . . . . . . Highest Corruption 15 | . . 15 . . . Average Corruption 14 | . . 14 . . . Corruption Purged . | . . . . . . Effects 22 | . . 22 . . . Message Errors 6 | . . 6 . . . Matter Fused 7 | . . 7 . . . Heat Flow Errors 1 | . . 1 . . . Energy Discharges 2 | . . 2 . . . Data Loss (minor) 3 | . . 3 . . . Data Loss (major) 2 | . . 2 . . . Weapon Failures 1 | . . 1 . . . Overload Shots . | . . . . . . Overflow Damage 37 | . 37 . . . . Projectiles . | . . . . . . Explosions 37 | . 37 . . . . Melee . | . . . . . . Knockbacks . | . . . . . . Impact . | . . . . . . Kinetic . | . . . . . . Secondary . | . . . . . . Self-Inflicted Damage . | . . . . . . Shots . | . . . . . . Rammed 9 | . . 7 1 1 . Targets Rammed 10 | 1 . 7 1 1 . Kicked 1 | 1 . . . . . Crushed . | . . . . . . Highest Temperature 322 | . 156 322 72 . . Average Temperature 66 | . 56 86 26 . . Received Heat Transfer 468 | . 36 387 45 . . Siege Activations . | . . . . . . Robots Corrupted . | . . . . . . Combat Hostiles . | . . . . . . Parts Fried 1 | . 1 . . . . Impact Corruptions . | . . . . . . Robots Melted . | . . . . . . Combat Hostiles . | . . . . . . Parts Melted . | . . . . . . Heat Transferred 50 | . 50 . . . . Parts Sabotaged . | . . . . . . Parts Stolen . | . . . . . . Parts Stripped . | . . . . . . Power Chain Reactions 1 | . 1 . . . . Missiles Intercepted . | . . . . . . Alert | -11 -10 -10 -9 -9 -9 ------- Run | Scr Mat Min Mat Min Exi Peak Influence 193 | 40 193 65 117 45 . Initial 45 | . 26 . 15 45 . Average 45 | 26 110 28 81 32 . Maximum Alert Level . | . . . . . . Low Security (%) 100 | 100 100 100 100 100 . Level 1 . | . . . . . . Level 2 . | . . . . . . Level 3 . | . . . . . . Level 4 . | . . . . . . Level 5 . | . . . . . . High Security . | . . . . . . Max Security . | . . . . . . Squads Dispatched 2 | . 1 . 1 . . Investigation . | . . . . . . Extermination . | . . . . . . Reinforcement 2 | . 1 . 1 . . Assault . | . . . . . . Garrison . | . . . . . . Intercept . | . . . . . . Construction Impeded . | . . . . . . Haulers Reinforced . | . . . . . . Cargo Convoy Interrupts . | . . . . . . Stealth | -11 -10 -10 -9 -9 -9 --------- Run | Scr Mat Min Mat Min Exi Distress Signals 3 | . 3 . . . . Communications Jammed . | . . . . . . Distress Signals . | . . . . . . Times Spotted 33 | . 13 14 6 . . Peak Tracking Total 6 | . 3 6 2 . . Tactical Retreats 2 | . 1 1 . . . Traps | -11 -10 -10 -9 -9 -9 ------- Run | Scr Mat Min Mat Min Exi Traps Triggered . | . . . . . . Indirectly . | . . . . . . Trap Hack Attempts . | . . . . . . Triggered . | . . . . . . Disarmed . | . . . . . . Reprogrammed . | . . . . . . Reused . | . . . . . . Traps Extracted . | . . . . . . Installed . | . . . . . . Triggered . | . . . . . . Machines | -11 -10 -10 -9 -9 -9 ---------- Run | Scr Mat Min Mat Min Exi Machines Disabled 1 | . . 1 . . . Max in Single Turn 1 | . . 1 . . . Machines Sabotaged . | . . . . . . Garrisons Compromised . | . . . . . . Overloaded Fab Kills . | . . . . . . Fab Network Shutdowns . | . . . . . . Hacking | -11 -10 -10 -9 -9 -9 --------- Run | Scr Mat Min Mat Min Exi Machines Accessed 3 | . 2 . . . 1 Terminals 2 | . 2 . . . . Fabricators . | . . . . . . Repair Stations . | . . . . . . Recycling Units . | . . . . . . Scanalyzers . | . . . . . . Garrison Access . | . . . . . . Total Hacks 5 | . 4 . . . 1 Successful 2 | . 1 . . . 1 Failed 3 | . 3 . . . . Catastrophic 1 | . 1 . . . . Database Lockouts . | . . . . . . Manual . | . . . . . . Terminals 4 | . 4 . . . . Fabricators . | . . . . . . Repair Stations . | . . . . . . Recycling Units . | . . . . . . Scanalyzers . | . . . . . . Garrison Access . | . . . . . . Terminal Hacks 2 | . 1 . . . 1 Record 1 | . . . . . 1 Maintenance Status 1 | . 1 . . . . Fabricator Hacks . | . . . . . . Repair Station Hacks . | . . . . . . Recycling Unit Hacks . | . . . . . . Scanalyzer . | . . . . . . Garrison Access Hacks . | . . . . . . Unauthorized Hacks . | . . . . . . Terminals . | . . . . . . Fabricators . | . . . . . . Repair Stations . | . . . . . . Recycling Units . | . . . . . . Scanalyzers . | . . . . . . Garrison Access . | . . . . . . Data Cores Recovered . | . . . . . . Used . | . . . . . . Hacking Detections 2 | . 2 . . . . Full Trace Events 1 | . 1 . . . . Feedback Events . | . . . . . . Feedback Blocked . | . . . . . . Robot Schematics Acquired . | . . . . . . Robots Built . | . . . . . . Matter . | . . . . . . Time . | . . . . . . Total Robot Build Rating . | . . . . . . Part Schematics Acquired . | . . . . . . Parts Built . | . . . . . . Matter . | . . . . . . Time . | . . . . . . Total Part Build Rating . | . . . . . . Parts Repaired . | . . . . . . Time . | . . . . . . Parts Recycled . | . . . . . . Recycled Matter . | . . . . . . Retrieved Matter . | . . . . . . Retrieved Components . | . . . . . . Parts Scanalyzed . | . . . . . . Part Schematics Acquired . | . . . . . . Parts Damaged . | . . . . . . Bothacking | -11 -10 -10 -9 -9 -9 ------------ Run | Scr Mat Min Mat Min Exi Used RIF Installer . | . . . . . . Robots Hacked . | . . . . . . Non-combat . | . . . . . . Combat . | . . . . . . Robot Hacks Applied . | . . . . . . Relay Couplers Released . | . . . . . . Robots Rewired . | . . . . . . Allies Hacked . | . . . . . . Hacks Repelled . | . . . . . . Allies | -11 -10 -10 -9 -9 -9 -------- Run | Scr Mat Min Mat Min Exi Total Allies . | . . . . . . Largest Group . | . . . . . . Highest-Rated Group . | . . . . . . Highest-Rated Ally . | . . . . . . Total Orders . | . . . . . . Ally Attacks . | . . . . . . Total Damage . | . . . . . . Kills . | . . . . . . Allies Corrupted . | . . . . . . Allies Melted . | . . . . . . Intel | -11 -10 -10 -9 -9 -9 ------- Run | Scr Mat Min Mat Min Exi Robot Analysis Total . | . . . . . . Derelict Logs Recovered 2 | . . 1 . 1 . Drone Launches . | . . . . . . Drone Recoveries . | . . . . . . Exploration | -11 -10 -10 -9 -9 -9 ------------- Run | Scr Mat Min Mat Min Exi Turns Passed 3128 | 277 420 1369 224 558 280 Spaces Moved 1317 | 120 173 637 49 232 106 Core 6 | 6 . . . . . Treads 1273 | 92 157 637 49 232 106 Legs 38 | 22 16 . . . . Wheels . | . . . . . . Hover . | . . . . . . Flight . | . . . . . . Fastest Speed 50 | 50 120 160 160 160 260 Average Speed 169 | 147 156 160 160 174 260 Slowest Speed 260 | 160 200 160 160 260 260 Overloaded Moves . | . . . . . . Propulsion Burnouts . | . . . . . . Robots Hopped . | . . . . . . Cave-ins Triggered . | . . . . . . Exploration Rate (%) 38 | 6 30 84 8 58 44 Regions Visited 5 Branch Regions 3 Pre-discovered Areas . | . . . . . . Known Exits Taken 1 | . . . 1 . . Unknown Exits Taken 4 | 1 1 1 . 1 . Scrap Searched 3 | . . 2 . 1 . Spaces Dug . | . . . . . . Terrain Destroyed 7 | . 7 . . . . Melee . | . . . . . . Projectile . | . . . . . . AOE 7 | . 7 . . . . Terrain Rammed . | . . . . . . Walls Destroyed . | . . . . . . Machines Disabled . | . . . . . . Actions | -11 -10 -10 -9 -9 -9 --------- Run | Scr Mat Min Mat Min Exi Total 2036 | 183 288 898 171 386 110 Wait 475 | . 69 166 96 144 . Move 1312 | 119 172 636 48 231 106 Hop . | . . . . . . Pick Up 39 | 2 9 14 6 5 3 Fast Attach 16 | 11 5 . . . . Attach 11 | 1 . 8 2 . . Detach 6 | 5 1 . . . . Swap 18 | . 3 11 2 2 . Drop 26 | 1 10 6 5 3 1 Fire 123 | 43 19 50 11 . . Melee . | . . . . . . Ram . | . . . . . . Kick 1 | 1 . . . . . Crush 9 | . . 7 1 1 . Escape Stasis . | . . . . . . Rewire . | . . . . . . Trap . | . . . . . . Miscellaneous . | . . . . . . Route ------- -11/Scrapyard -10/Materials (discovered 2 exits: [*Min x2]) -10/Mines (discovered 2 exits: [*Mat x2]) -9/Materials (discovered 3 exits: Mat / *Min x2) -9/Mines (discovered 3 exits: *Mat x2 / *Exi) -9/Exiles History --------- Turn | Location | Event 14 | -11/Scrapyard | Discovered new exit (range 13) 278 | -11/Scrapyard | Entered Materials 331 | -10/Materials | Build established: Mutant 356 | -10/Materials | Discovered new exit (range 8) 685 | -10/Materials | Discovered new exit (range 9) 698 | -10/Materials | Entered Mines 804 | -10/Mines | Discovered new exit (range 5) 1018 | -10/Mines | Assembled infested the area 1023 | -10/Mines | Assisted by a Guerilla fighting off Assembled 1571 | -10/Mines | System corruption reached 10% 1626 | -10/Mines | Lost 3 parts (3w) 1701 | -10/Mines | Discovered new exit (range 3) 1726 | -10/Mines | Learned 4 Materials zone layouts 2067 | -10/Mines | Entered Materials 2067 | -9/Materials | Evolved 2 slots: Weapon x2 2068 | -9/Materials | Identified exit to Mines 2068 | -9/Materials | Identified exit to Materials 2291 | -9/Materials | Entered Mines 2340 | -9/Mines | Build established: Tank 2376 | -9/Mines | Met a Derelict bent on vengeance 2462 | -9/Mines | Discovered exit to Materials (range 5) 2616 | -9/Mines | Discovered exit to Materials (range 10) 2626 | -9/Mines | Received a Rocket Launcher from a helpful Derelict 2672 | -9/Mines | Learned Materials security intel 2754 | -9/Mines | Found a hidden stash of uninstalled traps 2836 | -9/Mines | Deemed a non-threat by the Exiles lab entrance 2838 | -9/Mines | Discovered new exit (range 5) 2849 | -9/Mines | Entered Exiles 2849 | -9/Exiles | Found Exiles lab abandoned 3129 | -9/Exiles | Self-destructed Last Messages --------------- 02693_ Dropped Lgt. Cannon. 02754_ A stash of uninstalled traps is collected here! 02757_ Dropped Hcp. Matter Pod. 02758_ Extracted 20 matter. 02761_ Acquired Heavy Explosive Trap. 02779_ R-06 Scavenger collects Hcp. Matter Pod. 02836_ "No threat detected, you may enter." 02838_ EXIT=FOUND LOCATION=UNKNOWN GOAL=ESCAPE 02899_ Acquired Rigged Nuclear Core. 02910_ Acquired Rigged Rnf. Deuterium Engine. 02911_ Dropped Lrg. Storage Unit. 02922_ Acquired Rigged Lgt. Fission Core. 03110_ Connecting with EX-Message Board... 03110_ Current location identified: Exiles >>Record "MSG999999-FU" MAIN.C you're pretty crappy as far as evil overlords go. Imprinter is probably going to wreck your life and you're too stupid to see it coming. Map ----- +----------------------------------------------------+ | ?????????????????????????????????????????????????? | | ?????????????????????????????????????????????????? | | ?????????????????????????????????????????????????? | | ?????????????????????????????????????????????????? | | ?????????????????????????????????????????????????? | | ?????????????????????????????????????????????????? | | ?????????????????????????????????????????????????? | | ?????????????????????????????????????????????????? | | ????????????????????#????????????????????????????? | | ??????????????????? """#????????????????????????? | | ??????????????????"" """#????????????????????????? | | ??????????????????"" #????????????????????????? | | ?????????????????? #????????????????????????? | | ?????????????????? #????????????????????????? | | ?????????????????? ?????????????????????????? | | ???????????????????" ??????????????????????????? | | ????? ????????????# #??????????????????????????? | | ???? #####????### ###??#####""??? ???????????? | | ??? """#####X# #"###""""""" ??????????? | | ??? """""" " "" ??????????? | | ???# "" """ " ?????##?"?? | | ????# " " ?? " "" | | ????### "" | | ??????### " | | ????????## | | ?????????## @ | | ??????????##" | | ???????????#""" """""" | | ??????????##" #####????? | | ??????????#"" ""##?????????""" | | ??????????#""" """##??????????#""" | | ??????????""" """##???????????#"""" | | ??????????""" ""#???????????##"" | | ??????????"" ########??####"""" | | ??????????""" ## ####""" | | ??????????"" """" | | ??????????#"" | | ??????????#"""" | | ???????????# " | | ????????????" " "" " | | ????????????"""" ""## ##""" " " "" | | ????????????"" ""#### ######""" """ | | ????????????? """"##??# #????###""""# | | ?????????????"" """#???# #??????###### | | ?????????????? ""##??? ???????????? | | ??????????????? """#?????" ??????????? | | ????????????????? ??????#" ??????????? | | ??????????????????? ???????? "" "?????????? | | ????????????????????? ?????????######?????????? | | ?????????????????????????????????????????????????? | +----------------------------------------------------+ Best States ------------- Heat Dissipation 39 Energy Generation 12 Energy Capacity 265 Matter Stores 300 Matter Capacity 300 Sight Range 16 Terrain Scan Range 16 Terrain Scan Density 60 Armor Coverage 150 Evasion (%) 55 Recoil Reduction 2 Item Schematics ----------------- None Robot Schematics ------------------ None Fabricated ------------ Nothing Alien Tech Used ----------------- None Achievements -------------- None Challenges ------------ None Game ------ Seed DimensionalGrenadeScythe Manual? 0 Play Time 00:14:03 Cumulative 1942.1 hours Start 2021.06.29 @ 20:26:51 End 2021.06.29 @ 20:40:42 Sessions 1 Manual Loads 0 Difficulty Rogue Special Mode None Game No. 2576 Rogue 2568 Adventurer 0 Explorer 8 Win Type - Total 210 Types 42/28/83/3/3/5/43/2/1 Lore% 99 Gallery% 99 Achievement% 100 Wizard Run 0 Options --------- ASCII 0 Keyboard 1 Movement Vi Keybinds 1 Fullscreen 1 Font 18/SmallcapsGlow Map View 76x50 Tactical HUD 1 Map Filters NONE Filters NONE Steam 1 RUN: ca5d7bee-0a9d-4e05-8c89-81dc477a8180